 Dungeon Crawl Stone Soup version 0.31-a0-803-g95b03c3367 (webtiles) character file.

Game seed: 17132106828764361522

284 Maratek the Magician (level 6, -1/32 HPs)
             Began as a Deep Elf Fire Elementalist on Sept 20, 2023.
             Slain by an ogre
             ... wielding a +0 giant club
              (33 damage)
             ... on level 4 of the Dungeon.
             The game lasted 00:06:19 (3794 turns).

Maratek the Magician (Deep Elf Fire Elementalist)   Turns: 3794, Time: 00:06:21

Health: -1/32      AC:  2    Str:  0    XL:     6   Next: 7%
Magic:  15/17      EV: 13    Int: 34    God:
Gold:   98         SH:  0    Dex: 22    Spells: 14/17 levels left

rFire   . . .        c - +3 rapier "Tukhloafy" {drain, Str-5 Int+6 Dex+7}
rCold   . . .        (no shield)
rNeg    . . .        a - +0 robe
rPois   .            (no helmet)
rElec   .            (no cloak)
rCorr   .            (no gloves)
SInv    .            (no boots)
Will    .....        (no amulet)
Stlth   +++          g - +6 ring of intelligence
HPRegen 0.00/turn    (no ring)
MPRegen 0.15/turn

%: no passive effects
@: inhibited regen, slowed, lost strength, very slow
A: no striking features
a: no special abilities


You were on level 4 of the Dungeon.
You visited 1 branch of the dungeon, and saw 4 of its levels.

You collected 98 gold pieces.

Inventory:

Hand Weapons
 c - the +3 rapier "Tukhloafy" (weapon) {drain, Str-5 Int+6 Dex+7}
   (You acquired it on level 3 of the Dungeon)

   Str-5:     It affects your strength (-5).
   Int+6:     It affects your intelligence (+6).
   Dex+7:     It affects your dexterity (+7).
Armour
 a - a +0 robe (worn)
Jewellery
 g - a +6 ring of intelligence (left hand)
Wands
 j - a wand of flame (16)
Scrolls
 d - a scroll of enchant armour
 h - a scroll of identify
 i - a scroll of enchant weapon {unknown}
Potions
 b - a potion of magic
 e - a potion of might {unknown}
 f - a potion of attraction {unknown}
 k - a potion of heal wounds {unknown}


   Skills:
 + Level 2.7 Dodging
 + Level 3.0 Stealth
 + Level 6.2 Spellcasting
 + Level 1.6 Conjurations
 + Level 5.3 Fire Magic


You had 14 spell levels left.
You knew the following spells:

 Your Spells              Type           Power      Damage    Failure   Level
a - Foxfire               Conj/Fire      100%       2x1d9     1%          1
b - Scorch                Fire           94%        2d8       1%          2

Your spell library contained the following spells:

 Spells                   Type           Power      Damage    Failure   Level
 Inner Flame              Hex/Fire       28%        N/A       4%          3
 Volatile Blastmotes      Fire/Tloc      56%        2d14      4%          3
 Flame Wave               Conj/Fire      34%        2d10      10%         4


Dungeon Overview and Level Annotations

Branches:
Dungeon (4/15)
 Temple: D:4-7

Altars:

Shops:
D:3 [

Annotations:
D:4 Blork the orc


Message History

Done exploring.
Done exploring.
Okay, then.
There is a stone staircase leading down here.
You climb downwards.
There is a stone staircase leading up here.
An endoplasm comes into view.
You can't see any susceptible monsters within range! (Use Z to cast anyway.) Flames lash the endoplasm.
You kill the endoplasm!
Magic restored.
A black bear comes into view.
Flames lash the black bear.
The black bear growls angrily.
The black bear is moderately wounded.
The black bear's fire resistance burns away.
Flames lash the black bear.
The black bear is burned terribly!
The black bear is almost dead.
The black bear bites you. The black bear claws you.
The black bear closely misses you.
Flames lash the black bear.
The black bear is burned terribly!
You kill the black bear!
Your Stealth skill increases to level 3!
Your Spellcasting skill increases to level 6!
You have reached level 6!
Okay, then.
HP restored.
An ogre comes into view. It is wielding a +0 giant club.
The ogre shouts!
Blork the orc comes into view.
He is wielding a +0 mace.
A quokka comes into view.
There are monsters nearby!
There are monsters nearby!
Flames lash the ogre.
The ogre is heavily wounded.
The ogre's fire resistance burns away.
Blork the orc shouts!
The ogre hits you with a +0 giant club!!
Ouch! That really hurt!
You die...

######### #.#
#.......# #.####.#
...####.###...##..
..............##.#
...####.......##.#
#.## #####..###.#
#.# #..# #.# #.#
#..###.##.#.## #.#
#.....@O.o...# ..#
#.####....r... ###
#.. ##....... ###
.#.##.# .#.# # .#
. .# # .#


You could see Blork the orc, an ogre (combustible) and a quokka.

Vanquished Creatures
  A black bear (D:4)
  Terence (D:2)
  4 hound skeletons (D:3)
  5 adders (D:2)
  An adder skeleton (D:3)
  4 dart slugs
  An orc (D:3)
  5 bats
  7 endoplasms
  4 giant cockroaches
  5 goblins
  5 hobgoblins
  8 kobolds
  A quokka (D:3)
  7 ball pythons
  A ball python zombie (D:3)
  2 frilled lizards (D:3)
  A quokka zombie (D:3)
  3 rats
66 creatures vanquished.

Vanquished Creatures (others)
  75 foxfires
75 creatures vanquished.

Grand Total: 141 creatures vanquished

Notes
Turn   | Place    | Note
-------+----------+-------------------------------------------
     0 | D:1      | Maratek the Deep Elf Fire Elementalist began the quest for
                  | the Orb.
     0 | D:1      | Reached XP level 1. HP: 10/10 MP: 6/6
   279 | D:1      | Reached XP level 2. HP: 15/15 MP: 1/8
  1230 | D:1      | Learned a level 2 spell: Scorch
  1245 | D:2      | Reached XP level 3. HP: 18/19 MP: 0/9
  1681 | D:2      | Noticed Terence
  2020 | D:2      | Reached skill level 4 in Spellcasting
  2020 | D:2      | Reached XP level 4. HP: 24/24 MP: 7/12
  2458 | D:2      | Killed Terence
  2672 | D:3      | Reached skill level 5 in Spellcasting
  2772 | D:3      | Reached XP level 5. HP: 28/28 MP: 8/14
  2823 | D:3      | Found Kynuenei's Antique Armour Shop.
  2835 | D:3      | Identified a scroll of acquirement
  2835 | D:3      | Acquired the +3 rapier "Tukhloafy" {drain, Str-5 Int+6
                  | Dex+7}
  2837 | D:3      | Lost strength.
  2942 | D:3      | Found a faded altar of an unknown god.
  3237 | D:3      | Reached skill level 5 in Fire Magic
  3748 | D:4      | Noticed a black bear
  3751 | D:4      | Killed a black bear
  3752 | D:4      | Reached skill level 6 in Spellcasting
  3752 | D:4      | Reached XP level 6. HP: 27/32 MP: 9/17
  3792 | D:4      | Noticed Blork the orc
  3794 | D:4      | Slain by an ogre

Illustrated notes

Levels and vault maps discovered:
D:1:      amcnicky_arrival_feature_with_door, layout_basic
D:2:      cheibrodos_helix_gallery, layout_loops_ring, uniq_terence
D:3:      layout_loops_cross, shapermc_ecumenical_altar_starsandcircs,
          serial_undead, serial_undead_c, serial_undead_b, serial_undead_a,
          serial_undead_b, serial_undead_a, serial_undead_e, serial_undead_a,
          serial_shops, nicolae_shop_stone, roderic_lattice_a, corexii_shack
D:4:      layout_loops_ring, minmay_temple_entry_trees, grunt_ministairs_11,
          uniq_blork_the_orc

Skill      XL: |  1  2  3  4  5 |
---------------+----------------+-----
Fire Magic     | 4 5 |  5.3
Spellcasting   | 4 5 6 |  6.2
Stealth        | 3 |  3.0
Dodging        | |  2.7
Conjurations   | |  1.6

Action                     |  1- 3 |  4- 6 || total
---------------------------+-------+-------++-------
  Melee: Unarmed           |    28 |       ||    28
   Cast: Foxfire           |    55 |     1 ||    56
         Scorch            |    22 |    50 ||    72
    Use: Scroll            |       |     5 ||     5
 Armour: Robe              |    33 |     4 ||    37
  Dodge: Dodged            |    40 |    11 ||    51

Table legend: (Time is in decaauts)
 A = Elapsed time spent in this place.
 B = Non-inter-level travel time spent in this place.
 C = Inter-level travel time spent in this place.
 D = Time resting spent in this place.
 E = Time spent auto-exploring this place.
 F = Levels seen in this place.
 G = Mean time per level.
                   A        B        C        D        E       F      G
               +--------+--------+--------+--------+--------+-----+--------+
         Total |   4272 |   4202 |     70 |    342 |   3368 |   4 | 1068.0 |
       Dungeon |   4272 |   4202 |     70 |    342 |   3368 |   4 | 1068.0 |
               +--------+--------+--------+--------+--------+-----+--------+

Top non-repeatable levels by time:
     D:3: 1524 daAuts
     D:1: 1353 daAuts
     D:2: 1256 daAuts
     D:4: 137 daAuts
